 Dungeon Crawl Stone Soup version 0.31-a0-267-g3fc6992b3b (webtiles) character file.

Game seed: 6917998716897928042

73 qw the Shooter (level 4, -4/26 HPs)
             Began as a Gargoyle Hexslinger on July 13, 2023.
             Slain by a worm (7 damage)
             ... on level 2 of the Dungeon.
             The game lasted 00:00:34 (1448 turns).

qw the Shooter (Gargoyle Hexslinger)                Turns: 1448, Time: 00:00:35

Health: -4/26      AC:  7    Str: 12    XL:     4   Next: 27%
Magic:  5/5        EV: 11    Int: 13    God:
Gold:   72         SH:  0    Dex: 17    Spells: 4/5 levels left

rFire   + . .        Y - +1 sling
rCold   . . .        (no shield)
rNeg    + . .        d - +0 leather armour
rPois   inf          (no helmet)
rElec   +            e - +0 cloak
rCorr   .            (no gloves)
SInv    .            (no boots)
Will    .....        a - amulet of Joy {Faith Contam rF+ Dex+3}
Stlth   +            (no ring)
HPRegen 0.24/turn    (no ring)
MPRegen 0.09/turn

%: faith
@: no status effects
A: sickness immunity, AC +3, negative energy resistance 1, electricity
resistance, torment resistance 1, petrification resistance
a: no special abilities


You were on level 2 of the Dungeon.
You visited 1 branch of the dungeon, and saw 3 of its levels.

You collected 72 gold pieces.


Innate Abilities, Weirdness & Mutations

You are immune to sickness and miasma.
Your stone body is resilient. (AC +3)
You are immune to poison.
You resist negative energy. (rN+)
You are resistant to electric shocks. (rElec)
You are resistant to unholy torment.
You are immune to petrification.


   Skills:
 - Level 2.0 Fighting
 + Level 4.1 Ranged Weapons
 - Level 1.5 Dodging
 - Level 1.0 Spellcasting
 - Level 2.6 Hexes


You had 4 spell levels left.
You knew the following spells:

 Your Spells              Type           Power      Damage    Failure   Level
a - Slow                  Hex            28%        N/A       12%         1

Your spell library contained the following spells:

 Spells                   Type           Power      Damage    Failure   Level
 Inner Flame              Hex/Fire       4%         N/A       52%         3
 Portal Projectile        Hex/Tloc       8%         N/A       52%         3
 Cause Fear               Hex            3%         N/A       75%         4

Inventory:

Hand Weapons
 Y - a +1 sling (weapon)
Armour
 d - a +0 leather armour (worn)
 e - a +0 cloak (worn)
Jewellery
 a - the amulet of Joy (around neck) {Faith Contam rF+ Dex+3}
   (You acquired it on level 1 of the Dungeon)

   [amulet of faith]

   It allows you to gain divine favour quickly.
   Dex:       It affects your dexterity (+3).
   rF:        It protects you from fire.
   Contam:    It causes magical contamination when unequipped.
 i - the amulet of Temptation {Spirit Int-2 Dex+2 Slay+3}
   (You found it on level 2 of the Dungeon)

   [amulet of guardian spirit]

   It causes incoming damage to be divided between your reserves of health and
   magic.
   Int:       It affects your intelligence (-2).
   Dex:       It affects your dexterity (+2).
   Slay:      It affects your accuracy & damage with ranged weapons and melee
   (+3).
Scrolls
 c - a scroll of identify
Potions
 b - a potion of mutation {unknown}
 f - a potion of berserk rage {unknown}
 g - a potion of attraction {unknown}
 h - a potion of resistance {unknown}
 j - a potion of curing {unknown}
 k - a potion of haste {unknown}

Dungeon Overview and Level Annotations

Branches:
Dungeon (3/15)

Altars:

Shops:
D:2 :


Message History

Done exploring.
(D) Dungeon
Where to? (* - list waypoints, Enter - D:3, ? - help)
What level of the Dungeon? (default 1, ? - help)
You climb downwards.
The orc barely misses you. The worm barely misses you.
There is a stone staircase leading up here.
There are monsters nearby!
You shoot a sling bullet. The sling bullet barely misses the orc.
The orc barely misses you. The orc completely misses you.
You shoot a sling bullet. The sling bullet hits the orc.
The orc is heavily wounded.
The worm bites you! The orc hits you but does no damage.
1439 ||| STAIRDANCE The orc closely misses you.
The worm bites you!
You climb upwards.
There is a stone staircase leading down here.
You shoot a sling bullet. The sling bullet hits the orc!
You kill the orc!
The worm bites you!
You shoot a sling bullet.
The sling bullet barely misses the worm.
You shoot a sling bullet. The sling bullet hits the worm!
The worm is heavily wounded.
The worm bites you but does no damage.
You shoot a sling bullet. The sling bullet hits the worm.
The worm is severely wounded.
The worm bites you.
You shoot a sling bullet.
The sling bullet hits the worm but does no damage.
The worm is severely wounded.
You shoot a sling bullet. The sling bullet hits the worm.
The worm is almost dead.
The worm misses you.
You shoot a sling bullet. The sling bullet hits the worm.
The worm is almost dead.
The worm barely misses you.
You shoot a sling bullet.
The sling bullet barely misses the worm.
The worm bites you!
You die...

...........#.##..# ###### ######
.....#######.....# #.P.P P.P.#
...#.#..[.....###################
..........###...#................
........#.# ###...###############
..........# ###.# #P..b ....#
...######## #...# ###### ######
.### P# #.).####### .# #
#w@.......# ## #P# #[........#
#### #P# #.........# ...####.#
#.........# .....##.# ###.#######
###..####### #.#.#P# .# #####
##.......####.#.#.#########...#
######...#P..#.#b...P....#...#
##..#####.###########...#


You could see a worm.

Vanquished Creatures
  3 adders
  3 dart slugs
  3 orcs
  2 bats
  5 endoplasms
  2 giant cockroaches (D:1)
  3 hobgoblins
  A quokka (D:2)
  3 ball pythons (D:1)
  2 frilled lizards
  6 kobolds
  6 rats (D:1)
39 creatures vanquished.

Notes
Turn   | Place    | Note
-------+----------+-------------------------------------------
     0 | D:1      | qw the Gargoyle Hexslinger began the quest for the Orb.
     0 | D:1      | Reached XP level 1. HP: 12/12 MP: 2/2
     0 | D:1      | 0 ||| qw: Version: 0.3-a-52-g30416fa
     0 | D:1      | 0 ||| qw: Game counter: 7750
     0 | D:1      | 0 ||| qw: Melee chars always use a shield: true
     0 | D:1      | 0 ||| qw: God list: Okawaru
     0 | D:1      | 0 ||| qw: Allow faded altars: false
     0 | D:1      | 0 ||| qw: Do Orc after clearing Dungeon:15 true
     0 | D:1      | 0 ||| qw: Do second Lair branch before Depths: true
     0 | D:1      | 0 ||| qw: Lair rune preference: random
     0 | D:1      | 0 ||| qw: Goals: Normal
     0 | D:1      | 0 ||| PLANNING D:1-11
    88 | D:1      | Reached XP level 2. HP: 16/16 MP: 3/3
   180 | D:1      | Reached skill level 3 in Ranged Weapons
   542 | D:1      | Reached XP level 3. HP: 21/21 MP: 4/4
   717 | D:1      | 717 ||| UPGRADING to +0 leather armour.
   727 | D:1      | 727 ||| DROPPING +0 robe.
   728 | D:1      | 728 ||| READING scroll labelled HATWOCWIRR.
   728 | D:1      | Identified a scroll of acquirement
   728 | D:1      | 728 ||| ACQUIRING amulet of Joy {Faith Contam rF+ Dex+3}
   728 | D:1      | Acquired the amulet of Joy {Faith Contam rF+ Dex+3}
   730 | D:1      | 730 ||| UPGRADING to amulet of Joy {Faith Contam rF+
                  | Dex+3}.
   735 | D:1      | 735 ||| DROPPING scroll of poison.
   870 | D:2      | Found Iqozasoz's Vocational Training.
  1029 | D:2      | Reached XP level 4. HP: 26/26 MP: 5/5
  1033 | D:2      | Identified the amulet of Temptation {Spirit Int-2 Dex+2
                  | Slay+3}
  1363 | D:2      | 1363 ||| UPGRADING to +0 cloak.
  1368 | D:2      | 1368 ||| READING 2 scrolls labelled OTHRAANG GIJU.
  1393 | D:3      | Reached skill level 4 in Ranged Weapons
  1395 | D:3      | 1395 ||| STAIRDANCE
  1439 | D:3      | 1439 ||| STAIRDANCE
  1441 | D:2      | HP: 4/26 [worm (7)]
  1448 | D:2      | Slain by a worm

Levels and vault maps discovered:
D:1:      psy_arrival_whirlpool, layout_basic, serial_corexii_hall,
          corexii_hall_statues_u, corexii_hall_statues_i
D:2:      minmay_wonky_spiral, layout_rooms, serial_aquarium,
          aquarium_bridge_long_joined [aquarium_subvault_window,
          aquarium_subvault_bridge, aquarium_subvault_wall,
          aquarium_subvault_bridge, aquarium_subvault_bridge,
          aquarium_subvault_window], aquarium_bridge_square
          [aquarium_subvault_wall, aquarium_subvault_wall,
          aquarium_subvault_wall, aquarium_subvault_bridge],
          aquarium_window_corridor_3, aquarium_window_fake, aquarium_window_1,
          aquarium_view_2f, nicolae_shop_vocational
D:3:      layout_loops_corners, lemuel_round_altar,
          nicolae_tso_carved_into_rock, makhleb_altar_promises_db, uniq_robin,
          uniq_crazy_yiuf_cottage

Skill      XL: |  1  2  3  4 |
---------------+-------------+-----
Ranged Weapons | 3 4 |  4.1
Fighting       | 2 |  2.0
Dodging        | |  1.5
Spellcasting   | |  1.0
Hexes          | |  2.6

Action                     |  1- 3 |  4- 6 || total
---------------------------+-------+-------++-------
   Fire: Sling             |    98 |    24 ||   122
    Use: Scroll            |     1 |     1 ||     2
 Armour: Robe              |     2 |       ||     2
         Leather armour    |     8 |     6 ||    14
  Dodge: Dodged            |    20 |    14 ||    34

Table legend:
 A = Non-vault XP
 B = Vault XP
 C = Vault XP percentage of total XP
 D = Non-vault monster count
 E = Vault monster count
 F = Vault count percentage of total count
                 A         B        C        D         E       F
            +---------+---------+-------+---------+---------+-------
      Total |      77 |      28 |  26.7 |      36 |       3 |   7.7
            +---------+---------+-------+---------+---------+-------
        D:1 |      38 |       0 |   0.0 |      23 |       0 |   0.0
        D:2 |      23 |      28 |  54.9 |      11 |       3 |  21.4
        D:3 |      16 |       0 |   0.0 |       2 |       0 |   0.0
            +---------+---------+-------+---------+---------+-------
